 Dungeon Crawl Stone Soup version 0.31-a0-1036-g31867e143a (webtiles) character file.

Game seed: 18210853198826964924

190 Gynju the Shooter (level 5, -2/32 HPs)
             Began as a Tengu Hunter on Nov 19, 2023.
             Slain by an orc priest
             ... wielding a +0 trident
              (8 damage)
             ... on level 3 of the Dungeon.
             The game lasted 00:03:26 (2552 turns).

Gynju the Shooter (Tengu Hunter)                    Turns: 2552, Time: 00:03:27

Health: -2/32      AC:  3    Str: 11    XL:     5   Next: 69%
Magic:  6/6        EV: 13    Int: 10    God:
Gold:   126        SH:  0    Dex: 19    Spells: 4/4 levels left

rFire   . . .        a - +0 shortbow
rCold   . . .        (shield currently unavailable)
rNeg    . . .        c - +0 leather armour
rPois   .            (helmet restricted)
rElec   .            (no cloak)
rCorr   .            (no gloves)
SInv    .            (boots unavailable)
Will    .....        (no amulet)
Stlth   ++           (no ring)
HPRegen 0.25/turn    (no ring)
MPRegen 0.10/turn

%: acrobat
@: no status effects
A: beak, talons 3, acrobatic
a: no special abilities


You were on level 3 of the Dungeon.
You visited 1 branch of the dungeon, and saw 3 of its levels.

You collected 126 gold pieces.

Inventory:

Hand Weapons
 a - a +0 shortbow (weapon)
Armour
 c - a +0 leather armour (worn)
Jewellery
 i - a ring of poison resistance
 m - a +5 ring of evasion
Scrolls
 b - a scroll of butterflies
 d - a scroll of torment {unknown}
 e - 2 scrolls of identify {unknown}
 f - a scroll of teleportation {unknown}
 h - a scroll of noise {unknown}
Potions
 g - a potion of magic {unknown}
 j - a potion of berserk rage {unknown}
 k - 3 potions of lignification {unknown}
 l - a potion of brilliance {unknown}
 n - a potion of heal wounds {unknown}
 o - 2 potions of attraction {unknown}


   Skills:
 + Level 3.2 Fighting
 * Level 6.1 Ranged Weapons
 + Level 3.6 Dodging
 - Level 1.0 Stealth


You had 4 spell levels left.
You didn't know any spells.
Your spell library contained the following spells:

 Spells                   Type           Power      Damage    Failure   Level
 Ensorcelled Hibernation  Hex/Ice        0%         N/A       58%         2
 Jinxbite                 Hex            0%         N/A       58%         2
 Hailstorm                Conj/Ice       0%         3d3       83%         3
 Ozocubu's Armour         Ice            0%         N/A       83%         3
 Anguish                  Hex/Necr       0%         N/A       99%         4
 Summon Ice Beast         Ice/Summ       0%         N/A       99%         4
 Metabolic Englaciation   Hex/Ice        0%         N/A       100%        5
 Simulacrum               Ice/Necr       0%         N/A       100%        6


Dungeon Overview and Level Annotations

Branches:
Dungeon (3/15)

Altars:
Vehumet
The Shining One

Shops:
D:3 *


Innate Abilities, Weirdness & Mutations

You have a beak for a mouth.
You have claws for feet.
You can magically evade attacks while moving or waiting.


Message History

You shoot an arrow.
The arrow closely misses the orc wizard.
The orc wizard hits you but does no damage.
You shoot an arrow. The arrow barely misses the orc wizard.
The orc priest barely misses you. The orc wizard misses you.
You shoot an arrow.
The arrow hits the orc wizard but does no damage.
The orc priest closely misses you. The orc wizard barely misses you.
You shoot an arrow. The arrow barely misses the orc wizard.
The orc priest hits you from afar with a +0 trident!
The orc wizard completely misses you. The orc priest completely misses you.
The orc wizard hits you with a +1 dagger of flaming.
The orc wizard burns you.
You are too injured to fight recklessly!
You are too injured to fight recklessly!
You are too injured to fight recklessly!
You are too injured to fight recklessly!
You shoot an arrow. The arrow hits the orc wizard.
The orc wizard is lightly wounded.
The orc priest hits you but does no damage.
The orc wizard hits you with a +1 dagger of flaming.
The orc wizard burns you.
You shoot an arrow.
The arrow closely misses the orc wizard.
The orc priest barely misses you.
The orc wizard hits you with a +1 dagger of flaming.
The orc wizard burns you.
You shoot an arrow.
The arrow hits the orc wizard but does no damage.
The orc wizard is lightly wounded.
The orc priest hits you from afar with a +0 trident!
* * * LOW HITPOINT WARNING * * *
The orc wizard hits you with a +1 dagger of flaming.
* * * LOW HITPOINT WARNING * * *
The orc wizard burns you.
* * * LOW HITPOINT WARNING * * *
You shoot an arrow. The arrow hits the orc wizard.
The orc wizard is moderately wounded.
The orc priest hits you from afar with a +0 trident!
You die...

#..≈≈§≈§§≈....#
#.§..≈§§≈≈≈.#.#
##..8.§.._≈≈.#.#
#####.....≈§≈≈≈≈...##
...)..#.≈≈≈≈≈§≈.....#######
####.....§........#.......#
##.))########.##..#######...
...### #..#∩.# .......# #@##
#..###.#####...(.oo..)..
...# .......###.#####..
..... ..... ..# ##.###..#
..# .### ..# #..# ..###.#
##.# ......# #.# ...#..#


You could see an orc priest and an orc wizard.

Vanquished Creatures
  Terence (D:2)
  Natasha (thrice) (D:2)
  3 adders
  2 dart slugs (D:1)
  6 orcs (D:3)
  A bat (D:1)
  3 endoplasms
  15 giant cockroaches
  5 kobolds
  2 quokkas
  3 ball pythons
  3 frilled lizards
  2 goblins
  4 rats (D:1)
53 creatures vanquished.

Notes
Turn   | Place    | Note
-------+----------+-------------------------------------------
     0 | D:1      | Gynju the Tengu Hunter began the quest for the Orb.
     0 | D:1      | Reached XP level 1. HP: 12/12 MP: 2/2
   239 | D:1      | Reached XP level 2. HP: 17/17 MP: 3/3
   467 | D:1      | You fall into a shaft and drop 1 floor!
   659 | D:2      | Reached XP level 3. HP: 22/22 MP: 4/4
   852 | D:2      | Reached skill level 5 in Ranged Weapons
  1092 | D:2      | Noticed Natasha
  1095 | D:2      | Killed Natasha
  1096 | D:2      | Reached XP level 4. HP: 27/27 MP: 5/5
  1112 | D:2      | Noticed Terence
  1125 | D:2      | Killed Terence
  1246 | D:3      | Found a faded altar of an unknown god.
  1316 | D:3      | Reached XP level 5. HP: 15/32 MP: 6/6
  1527 | D:2      | Noticed Natasha
  1535 | D:2      | Killed Natasha
  1696 | D:2      | Noticed Natasha
  1703 | D:2      | Killed Natasha
  1704 | D:2      | Reached skill level 6 in Ranged Weapons
  2461 | D:3      | Found a glowing golden altar of the Shining One.
  2509 | D:3      | Found a radiant altar of Vehumet.
  2523 | D:3      | Found Ikaal's Assorted Antiques.
  2552 | D:3      | Slain by an orc priest

Illustrated notes

Levels and vault maps discovered:
D:1:      tekkud_arrival_beachfront_property, layout_rooms,
          hangedman_decor_push, minmay_surrounded
D:2:      layout_loops_cross, minmay_tetromino_l4, uniq_natasha, uniq_terence
D:3:      minmay_roachtagon, layout_rooms, mainiacjoe_overflow_catwalk,
          mainiacjoe_overflow_alcove_1, serial_shops, shop,
          basic_ecumenical_altar

Skill      XL: |  1  2  3  4  5 |
---------------+----------------+-----
Ranged Weapons | 5 6 |  6.1
Dodging        | 3 |  3.6
Fighting       | 3 |  3.2
Stealth        | |  1.0

Action                     |  1- 3 |  4- 6 || total
---------------------------+-------+-------++-------
   Fire: Shortbow          |    82 |   122 ||   204
 Armour: Leather armour    |    16 |    54 ||    70
  Dodge: Dodged            |    28 |    48 ||    76

Table legend: (Time is in decaauts)
 A = Elapsed time spent in this place.
 B = Non-inter-level travel time spent in this place.
 C = Inter-level travel time spent in this place.
 D = Time resting spent in this place.
 E = Time spent auto-exploring this place.
 F = Levels seen in this place.
 G = Mean time per level.
                   A        B        C        D        E       F      G
               +--------+--------+--------+--------+--------+-----+--------+
         Total |   2596 |   2494 |    102 |     26 |   2119 |   3 |  865.3 |
       Dungeon |   2596 |   2494 |    102 |     26 |   2119 |   3 |  865.3 |
               +--------+--------+--------+--------+--------+-----+--------+

Top non-repeatable levels by time:
     D:2: 1595 daAuts
     D:1: 594 daAuts
     D:3: 407 daAuts
